AoeStats
← Kingnach22

Arabia

508760112Analyzed
1v1 RM · 10d ago on Sep 23, 2026· 50m 57s· 2 players
Game mode
Random Map
Map size
Tiny (2 player)
Population
200
Speed
Normal
Resources
Standard
Victory
Conquest
Starting age
Dark Age
Ending age
Imperial Age
RankedLock teamsTeams togetherTeam positionsShared explorationLock speedFull tech treeHidden civsTurbo modeCheats
Victory
Defeat
🇦🇷 Italians · Argentina
458
+14
🇦🇷 Teutons · Argentina
417
-14
Kingnach22
1:28 Loom
9:35 Feudal Age
10:13 Double-Bit Axe
12:03 Wheelbarrow
11:31 Town Watch
18:07 Arson
19:35 Horse Collar
19:31 Man-at-Arms
20:14 Scale Mail Armor
20:26 Forging
20:33 Forging
20:18 Fletching
21:48 Padded Archer Armor
25:15 Castle Age
25:58 Long Swordsman
26:24 Gambesons
26:41 Squires
26:02 Pikeman
26:51 Gold Mining
28:47 Hand Cart
30:36 Town Patrol
30:25 Elite Skirmisher
41:08 Stone Mining
alfonso.matias18
5:52 Loom
13:19 Feudal Age
14:04 Double-Bit Axe
16:08 Wheelbarrow
16:53 Horse Collar
18:42 Fletching
20:23 Padded Archer Armor
22:13 Gold Mining
26:49 Castle Age
24:54 Stone Mining
25:23 Town Watch
28:05 Bodkin Arrow
28:25 Leather Archer Armor
27:36 Crossbowman
28:22 Thumb Ring
29:40 Ballistics
31:28 Siphons
36:06 Hand Cart
44:02 Imperial Age
44:15 Elite Genoese Crossbowman
45:57 Bracer
Connection lost

Rejoining the realm…

Still unreachable

The connection could not be restored.

Session expired

The server has moved on; the page needs a fresh start.